 Dungeon Crawl Stone Soup version 0.25.1-2-g60ff931df9 (webtiles) character file.

Game seed: 5764262488107172782

12212 protoss039 the Thaumaturge (level 11, -1/63 HPs)
             Began as a Deep Elf Earth Elementalist on Aug 2, 2020.
             Was a Priest of Sif Muna.
             Slain by a centaur warrior simulacrum (6 damage)
             ... on level 12 of the Dungeon.
             The game lasted 00:44:47 (17121 turns).

protoss039 the Thaumaturge (DEEE)                  Turns: 17121, Time: 00:44:48

Health: -1/63      AC:  6    Str:  5    XL:     11   Next: 59%
Magic:  7/30       EV: 13    Int: 30    God:    Sif Muna [***...]
Gold:   677        SH:  0    Dex: 15    Spells: 8/37 levels left

rFire    . . .     SeeInvis +   F - +4 dagger
rCold    . . .     Gourm    .   (no shield)
rNeg     . . .     Faith    .   c - +0 robe
rPois    .         Spirit   .   l - +1 helmet {SInv}
rElec    .         Reflect  .   y - +0 cloak
rCorr    .         Harm     .   T - +0 pair of gloves
MR       +....                  (no boots)
Stlth    ++........             (no amulet)
HPRegen  0.20/turn              M - +6 ring of intelligence
MPRegen  0.22/turn              L - ring of wizardry

@: sluggish, about to teleport, marked, very slightly contaminated, very slow
A: no striking features
a: Channel Magic, Forget Spell, Renounce Religion


You were on level 12 of the Dungeon.
You worshipped Sif Muna.
Sif Muna was most pleased with you.
You were not hungry.

You visited 2 branches of the dungeon, and saw 13 of its levels.
You also visited: Sewer.

You collected 744 gold pieces.
You spent 67 gold pieces at shops.

Inventory:

Hand Weapons
 F - a +4 dagger (weapon)
Missiles
 n - 195 stones (quivered)
 o - 4 curare-tipped darts
 p - 5 atropa-tipped darts
 D - 45 poisoned darts
Armour
 c - a +0 robe (worn)
 l - a +1 helmet of see invisible (worn)
 y - a +0 cloak (worn)
 K - a +2 buckler of resistance
 Q - +0 acid dragon scales
 T - a +0 pair of gloves (worn)
Jewellery
 i - a +4 ring of evasion
 L - a ring of wizardry (right hand)
 M - a +6 ring of intelligence (left hand)
 P - a +6 ring of intelligence
 S - a cursed ring of teleportation {unknown}
Wands
 a - a wand of polymorph (3)
 k - a wand of paralysis (7)
 r - a wand of enslavement (6)
 z - a wand of flame (56)
 C - a wand of digging (2)
 G - a wand of acid (10)
 H - a wand of disintegration (7)
Scrolls
 b - 3 scrolls of enchant weapon
 f - 2 scrolls of fear
 g - 3 scrolls of immolation
 j - 6 scrolls of teleportation
 q - 2 scrolls of fog
 u - 6 scrolls of enchant armour
 J - 3 scrolls of amnesia {unknown}
 O - 4 scrolls of blinking {unknown}
 R - a scroll of remove curse
Potions
 e - 7 potions of might {unknown}
 h - 6 potions of heal wounds {unknown}
 m - a potion of magic {unknown}
 s - 3 potions of haste {unknown}
 t - a potion of resistance {unknown}
 v - 3 potions of degeneration {unknown}
 A - 8 potions of curing {unknown}
 B - a potion of stabbing {unknown}
 E - 4 potions of flight {unknown}
 I - a potion of brilliance {unknown}
 V - a potion of berserk rage {unknown}
Comestibles
 d - 23 rations
 w - 8 chunks of flesh


   Skills:
 - Level 5.0 Fighting
 + Level 1.6 Armour
 - Level 3.0 Dodging
 - Level 3.0 Stealth
 + Level 0.6 Shields
 - Level 13.5 Spellcasting
 - Level 6.0 Conjurations
 - Level 2.0 Charms
 * Level 3.8 Transmutations
 * Level 11.5 Earth Magic
 * Level 6.7 Invocations


You had 8 spell levels left.
You knew the following spells:

 Your Spells              Type           Power        Failure   Level  Hunger
a - Sandblast             Erth           ######       0%          1    None
b - Passwall              Tmut/Erth      ######..     1%          2    None
c - Stone Arrow           Conj/Erth      ######       1%          3    None
d - Petrify               Tmut/Erth      ######..     1%          4    None
e - Lee's Rapid Deconstr  Erth           ######....   1%          5    None
f - Statue Form           Tmut/Erth      ######...    6%          6    ####...
g - Swiftness             Chrm/Air       ####....     1%          2    None
h - Iron Shot             Conj/Erth      ######....   4%          6    ####...

Your spell library contained the following spells:

 Spells                   Type           Power        Failure   Level  Hunger
 Infusion                 Chrm           ####         1%          1    None
 Shroud of Golubria       Chrm/Tloc      ####..       1%          2    None
 Song of Slaying          Chrm           ####....     1%          2    None
 Ozocubu's Armour         Chrm/Ice       ####....     1%          3    None
 Spectral Weapon          Hex/Chrm       ####....     1%          3    None
 Leda's Liquefaction      Hex/Erth       ######....   1%          4    None
 Iskenderun's Battlesphe  Conj/Chrm      #####...     5%          5    None


Dungeon Overview and Level Annotations

Branches:
Dungeon (12/15)            Temple (1/1) D:7            Lair (0/6) D:8
    Orc (0/2) D:10          Sewer (visited)

Altars:
Ashenzari
Cheibriados
Dithmenos
Elyvilon
Fedhas
Gozag
Hepliaklqana
Kikubaaqudgha
Makhleb
Nemelex Xobeh
Okawaru
Qazlal
Ru
Sif Muna
Trog
Uskayaw
Vehumet
Wu Jian
Xom
Yredelemnul
Zin
The Shining One

Shops:
D:7 [:   D:9 *   D:10 (   D:11 [[:*=

Annotations:
D:9 1 exclusion
D:11 1 exclusion


Message History

You feel a strange surge of energy.
The centaur warrior simulacrum hits you but does no damage.
The orc misses you. The shadow imp hits you.
The centaur warrior simulacrum hits you.
The centaur warrior simulacrum freezes you!!
* * * LOW HITPOINT WARNING * * *
Unknown command.
Unknown command.
Okay, then.
Okay, then.
Okay, then.
As you read the scroll of fear, it crumbles to dust.
You assume a fearsome visage.
The centaur warrior simulacrum is unaffected.
The shadow imp is unaffected.
The ogre looks frightened!
The green ugly thing looks frightened!
The orc priest looks frightened!
The orc looks frightened!
You feel sluggish.
The centaur warrior simulacrum hits you.
You die...

,,,,,**,******,,,,,,,,,,,,,,,,,,,
***#.,,,,,,,,......,,,,,,,,,,,,,,
#.#*******#....,,,,,,,,,,,,,,,
#.# #....,,,,,,,,,,,,,,, #.#
#...,,,,,,,,,,,,,,,, #.#
####o#******,,,,,,,,,,, #.#
#..oO## *,,,,,,,,,,,
##.######)#..5#####*,,,,,,,,,,,
###.......u...o.@Z..#*,,,,,,,,,,,
.....#############..#*,,,,,,,****
###..#,**,**,,,,,,*.#*,,,,,,,*
##.##,**,,,**,,,,*,#*,,,,,,,*
#..#,,,**,,,,**,**,**,*****,*
##.##,*,****,,,,**,,**,* *,*
...#,,*,,**,**,,**,,,,,* *,*
.)##,******,,,***,,,,,,* *,****
..#,,,,*,,**,,,**,,,,,,* *,,,,,


You could see a green ugly thing (fleeing), an ogre (fleeing), an orc priest
(fleeing), a shadow imp, a centaur warrior simulacrum and 2 orcs.

Vanquished Creatures
  4 two-headed ogres
  A tengu warrior (D:11)
  An unseen horror (D:10)
  A cyclops (D:12)
  An elephant (D:8)
  A kobold demonologist (D:12)
  A komodo dragon (D:8)
  A tengu conjurer (D:11)
  A troll (D:11)
  A hippogriff (D:9)
  6 yaks
  A hungry ghost (D:11)
  A basilisk (D:8)
  2 steam dragons
  An acid dragon (D:11)
  5 orc warriors
  2 sky beasts
  A phantom (D:5)
  7 ogres
  4 ice beasts
  4 centaurs
  A crocodile (D:8)
  Blork the orc (D:5)
  4 big kobolds
  A wyvern zombie (D:11)
  3 bullfrogs
  3 scorpions (D:8)
  5 killer bees (D:8)
  3 wights (D:9)
  3 howler monkeys
  3 centaur zombies
  3 hounds
  3 crimson imps
  3 orc priests
  4 bullfrog skeletons
  2 iguanas
  Crazy Yiuf (D:3)
  A gnoll shaman (D:8)
  4 jellies
  A centaur skeleton (D:6)
  8 orc wizards
  Jessica (D:3)
  Terence (D:2)
  7 worker ants
  A hound skeleton (D:7)
  14 adders
  3 gnolls (D:8)
  A howler monkey skeleton (D:7)
  A river rat (Sewer)
  5 shadow imps
  An adder zombie (D:5)
  5 oozes
  An adder skeleton (D:6)
  4 worms
  6 leopard geckos
  47 orcs
  6 ball pythons
  5 giant cockroaches
  5 goblins
  15 hobgoblins
  33 jackals
  25 kobolds
  4 quokkas
  8 bats
  7 frilled lizards
  25 rats
335 creatures vanquished.

Vanquished Creatures (others)
  A bat (D:1)
  A goblin (D:1)
2 creatures vanquished.

Grand Total: 337 creatures vanquished

Notes
Turn   | Place    | Note
-------+----------+-------------------------------------------
     0 | D:1      | protoss039 the Deep Elf Earth Elementalist began the quest
                  | for the Orb.
     0 | D:1      | Reached XP level 1. HP: 10/10 MP: 6/6
   389 | D:1      | Reached XP level 2. HP: 14/15 MP: 1/8
   983 | D:1      | Reached XP level 3. HP: 10/19 MP: 5/9
  1297 | D:1      | Learned a level 2 spell: Passwall
  1301 | D:1      | Learned a level 3 spell: Stone Arrow
  1948 | D:2      | Noticed Terence
  2251 | D:2      | Reached skill level 4 in Spellcasting
  2527 | D:2      | Reached XP level 4. HP: 24/24 MP: 8/12
  2948 | D:2      | Killed Terence
  2948 | D:2      | Reached skill level 1 in Conjurations
  4102 | D:3      | Reached XP level 5. HP: 28/28 MP: 9/13
  4164 | D:3      | Learned a level 4 spell: Petrify
  4370 | D:3      | Noticed Jessica
  4377 | D:3      | Killed Jessica
  4474 | D:3      | Reached skill level 5 in Spellcasting
  4474 | D:3      | Reached skill level 5 in Earth Magic
  4804 | D:3      | Found a runed translucent door.
  4805 | D:3      | Noticed Crazy Yiuf
  4945 | D:3      | Killed Crazy Yiuf
  5144 | D:2      | Reached XP level 6. HP: 32/32 MP: 9/16
  5339 | D:4      | Reached skill level 6 in Spellcasting
  6391 | D:5      | Entered Level 5 of the Dungeon
  6400 | D:5      | Reached XP level 7. HP: 33/36 MP: 11/19
  6599 | D:5      | Reached skill level 7 in Spellcasting
  6617 | D:5      | Found a glowing drain.
  6640 | Sewer    | Entered a sewer
  7434 | D:5      | Learned a level 5 spell: Lee's Rapid Deconstruction
  7627 | D:5      | Noticed Blork the orc
  7656 | D:5      | Killed Blork the orc
  7866 | D:5      | Reached skill level 8 in Spellcasting
  7866 | D:5      | Reached XP level 8. HP: 41/41 MP: 6/22
  9006 | D:6      | Found a burning altar of Makhleb.
  9006 | D:6      | Found an opulent altar of Gozag.
  9007 | D:6      | Found an ancient bone altar of Kikubaaqudgha.
  9007 | D:6      | Found an ornate altar of the Wu Jian Council.
  9008 | D:6      | Found a hide-covered altar of Uskayaw.
  9008 | D:6      | Found a snail-covered altar of Cheibriados.
  9481 | D:7      | Found Bafiorr's Antique Armour Boutique.
  9525 | D:7      | Found a staircase to the Ecumenical Temple.
  9543 | D:7      | Reached skill level 9 in Spellcasting
  9564 | Temple   | Entered the Ecumenical Temple
  9702 | Temple   | Became a worshipper of Sif Muna the Loreminder
 10135 | D:7      | Found a snail-covered altar of Cheibriados.
 10170 | D:7      | Reached skill level 1 in Invocations
 10198 | D:7      | Reached skill level 1 in Fighting
 10568 | D:7      | HP: 1/43 [orc warrior/+0 trident (16)]
 11245 | D:7      | Found Huleati's Book Boutique.
 11249 | D:7      | Reached XP level 9. HP: 47/47 MP: 17/24
 11582 | D:7      | Reached skill level 10 in Spellcasting
 11724 | D:8      | Noticed a komodo dragon
 11728 | D:8      | Killed a komodo dragon
 11920 | D:8      | Noticed an elephant
 11934 | D:8      | Found a staircase to the Lair.
 12062 | D:8      | Reached * piety under Sif Muna
 12151 | D:8      | Found a shattered altar of Ashenzari.
 12165 | D:8      | Noticed a two-headed ogre
 12170 | D:8      | Killed a two-headed ogre
 12170 | D:8      | Reached skill level 11 in Spellcasting
 12170 | D:8      | Reached skill level 5 in Conjurations
 12421 | D:8      | Reached XP level 10. HP: 56/56 MP: 15/27
 12596 | D:8      | Killed an elephant
 13308 | D:9      | Found Uxiac's Elemental Accessories.
 13322 | D:9      | Reached skill level 5 in Invocations
 13489 | D:9      | Reached skill level 10 in Earth Magic
 13577 | D:9      | Reached skill level 12 in Spellcasting
 14093 | D:9      | Got a faintly glowing leather armour
 14104 | D:9      | Identified the cursed +0 leather armour of Tacoin {Str+5
                  | Int-5} (You found it on level 9 of the Dungeon)
 14135 | D:10     | Entered Level 10 of the Dungeon
 14242 | D:10     | Noticed an unseen horror
 14246 | D:10     | Reached ** piety under Sif Muna
 14273 | D:10     | Killed an unseen horror
 14536 | D:9      | Identified a scroll of acquirement
 14537 | D:9      | Acquired Esaehogu's Incunabulum of Assistive Earth
 14546 | D:9      | Learned a level 6 spell: Statue Form
 14549 | D:9      | Learned a level 2 spell: Swiftness
 14556 | D:9      | Learned a level 6 spell: Iron Shot
 14699 | D:10     | Reached skill level 1 in Charms
 14814 | D:10     | Found a staircase to the Orcish Mines.
 14912 | D:10     | Noticed a two-headed ogre
 14917 | D:10     | Killed a two-headed ogre
 15114 | D:10     | Found Ixezog's Weapon Emporium.
 15264 | D:11     | Reached XP level 11. HP: 62/62 MP: 16/29
 15426 | D:11     | Found Urueluy's General Store.
 15544 | D:11     | Reached skill level 13 in Spellcasting
 15735 | D:11     | Noticed a two-headed ogre
 15740 | D:11     | Killed a two-headed ogre
 15741 | D:11     | Noticed a tengu warrior
 15757 | D:11     | Found Amullu Suuk's Book Shop.
 15758 | D:11     | Killed a tengu warrior
 15758 | D:11     | Reached skill level 1 in Armour
 15798 | D:11     | Reached *** piety under Sif Muna
 16123 | D:11     | Found Nyfeeh's Armour Shoppe.
 16134 | D:11     | Noticed a two-headed ogre
 16137 | D:11     | Killed a two-headed ogre
 16312 | D:11     | Bought a +0 pair of gloves for 67 gold pieces
 16354 | D:11     | Found Sieruduz's Antique Armour Shoppe.
 16619 | D:11     | Found Taerarei's Jewellery Shop.
 16838 | D:12     | Noticed a two-headed ogre
 16948 | D:12     | Reached skill level 5 in Fighting
 17112 | D:12     | Noticed a green ugly thing
 17121 | D:12     | Slain by a centaur warrior simulacrum

Illustrated notes

Levels and vault maps discovered:
D:1:      shiori_arrival_oz, layout_basic
D:2:      layout_rooms, minmay_rat_hole, uniq_terence
D:3:      layout_basic, uniq_jessica, uniq_crazy_yiuf_cottage
D:4:      layout_gridville
D:5:      layout_basic, first_ration, portal_sewer_entry_a, serial_glass,
          glass_columns_a, glass_columns_b, feat_on_display, item_on_display_a,
          uniq_blork_the_orc
D:6:      layout_loops_corners, grunt_temple_overflow_open,
          chequers_serial_rivers_room_b
D:7:      layout_cave_pods, minmay_temple_entry_stoned_glass, serial_shops,
          nicolae_shop_statue_plus, shop, grunt_ogre_cave,
          minmay_misc_feat_encased, lemuel_statue_altar
D:8:      layout_loops_ring, david_lair_generic,
          hangedman_abyss_or_decor_stagger, kennysheep_flooded_box
D:9:      layout_loops_cross, nicolae_elemental_shop
D:10:     layout_small_grid, hiddenorc1_lemuel, serial_shops, shop,
          chequers_serial_rivers_marsh
D:11:     layout_irregular_city, serial_shops, shop, nicolae_shop_trees,
          nicolae_shop_crystal, shop, shop
D:12:     minmay_the_grid_triangle_9x9_rhombus_thin
          [minmay_the_grid_triangle_9x9_subtriangle,
          minmay_the_grid_triangle_9x9_prize_schism,
          minmay_the_grid_triangle_9x9_odd_lines,
          minmay_the_grid_triangle_9x9_corrupted_corridor], layout_small_grid,
          basic_altar, minivault_16
Temple:   nicolae_temple_elliptical

Skill      XL: |  1  2  3  4  5  6  7  8  9 10 11 |
---------------+----------------------------------+-----
Dodging        | 3 |  3.0
Stealth        | 3 |  3.0
Earth Magic    | 4 5 6 7 8 9 10 11 | 11.5
Spellcasting   | 4 5 6 8 9 11 12 13 | 13.5
Conjurations   | 1 2 3 4 5 6 |  6.0
Transmutations | 2 3 |  3.8
Invocations    | 2 4 6 |  6.7
Fighting       | 1 3 4 5 |  5.0
Charms         | 1 2 |  2.0
Armour         | 1 |  1.6
Shields        | |  0.6

Action                   |  1- 3 |  4- 6 |  7- 9 | 10-12 || total
-------------------------+-------+-------+-------+-------++-------
Melee: Dagger            |    55 |    63 |     2 |    10 ||   130
       Unarmed           |     3 |       |       |       ||     3
Throw: Dart              |       |       |     1 |       ||     1
 Cast: Sandblast         |    33 |    33 |    60 |    45 ||   171
       Stone Arrow       |    16 |    66 |   101 |    80 ||   263
       Passwall          |       |     1 |       |       ||     1
       Lee's Rapid Decon |       |       |    20 |    44 ||    64
       Petrify           |       |       |     1 |       ||     1
       Swiftness         |       |       |       |     1 ||     1
  Use: Scroll            |     3 |     5 |     5 |     7 ||    20
 Stab: Sleeping          |     6 |     1 |       |       ||     7
  Eat: Chunk             |     6 |    15 |    18 |    17 ||    56
       Ration            |       |       |     1 |       ||     1
Armor: Robe              |    20 |    16 |     5 |     4 ||    45
Dodge: Dodged            |    57 |    68 |    33 |    36 ||   194
